[Event "Titled Tuesday Blitz August 15 Early 2023"]
[White "Bluebaum, Matthias"]
[Black "Le, Tuan Minh"]
[WhiteFideId "24651516"]
[BlackFideId "12401153"]
[WhiteElo "3020"]
[BlackElo "2998"]
[Result "1-0"]
[Round "10"]
[TimeControl "180+1"]
[Date "2023.08.15"]
[WhiteClock "0:01:24"]
[BlackClock "0:00:00"]
[Board "4"]

1. d4 Nf6 2. c4 e6 3. Nc3 Bb4 4. e3 O-O 5. Bd2 d5 6. Nf3 b6 7. cxd5 exd5 8. Rc1 a6 9. Bd3 Bb7 10. O-O Bd6 11. Ne5 c5 12. f4 Nc6 13. Ng4 Be7 14. Nxf6+ Bxf6 15. dxc5 bxc5 16. b3 Re8 17. Na4 Nb4 18. Bb1 d4 19. Nxc5 dxe3 20. Bxb4 e2 21. Qxd8 exf1=Q+ 22. Kxf1 Bxg2+ 23. Kxg2 Raxd8 24. Ne4 Bd4 25. Rd1 Be3 26. Rxd8 Rxd8 27. Kf3 Bc1 28. Nd6 g6 29. Bc5 Rd7 30. b4 f5 31. Bd3 Bb2 32. Bxa6 Re7 33. Nxf5 1-0


[Site "https://www.chess.com"]

[Event "Titled Tuesday Blitz August 15 Early 2023"]
[White "Makarian, Rudik"]
[Black "Martinez Alcantara, Jose Eduardo"]
[WhiteFideId "44105681"]
[BlackFideId "3805662"]
[WhiteElo "2985"]
[BlackElo "3016"]
[Result "0-1"]
[Round "10"]
[TimeControl "180+1"]
[Date "2023.08.15"]
[WhiteClock "0:00:01"]
[BlackClock "0:01:04"]
[Board "5"]

1. d4 Nf6 2. c4 e6 3. Nf3 Bb4+ 4. Bd2 c5 5. Bxb4 cxb4 6. c5 d6 7. cxd6 O-O 8. e3 Qxd6 9. Nbd2 Nc6 10. Bd3 b6 11. O-O Bb7 12. Qe2 h6 13. Ba6 Bxa6 14. Qxa6 Rfc8 15. Rac1 Qd7 16. Qe2 Rc7 17. Nc4 Rac8 18. Nce5 Nxe5 19. Nxe5 Qd5 20. Rxc7 Rxc7 21. b3 Ne4 22. f3 Nc3 23. Qd2 a5 24. Nd3 Qb5 25. Nf4 Rd7 26. Qc2 e5 27. dxe5 Qxe5 28. Re1 Qd6 29. Kf1 g6 30. Ne2 Nd5 31. Ng3 Nc3 32. Ne4 Qe5 33. Ng3 h5 34. Kf2 Rc7 35. Qd3 Nxa2 36. Ne4 Kg7 37. f4 Qb2+ 38. Re2 Nc1 0-1


[Site "https://www.chess.com"]

[Event "Titled Tuesday Blitz August 15 Early 2023"]
[White "Matlakov, Maxim"]
[Black "So, Wesley"]
[WhiteFideId "4168003"]
[BlackFideId "5202213"]
[WhiteElo "2980"]
[BlackElo "3124"]
[Result "1-0"]
[Round "10"]
[TimeControl "180+1"]
[Date "2023.08.15"]
[WhiteClock "0:00:04"]
[BlackClock "0:00:03"]
[Board "6"]

1. d4 g6 2. e4 Bg7 3. Nf3 c6 4. Bd3 d5 5. e5 f6 6. h3 Nd7 7. Qe2 fxe5 8. Nxe5 Nxe5 9. dxe5 Nh6 10. g4 c5 11. Bb5+ Bd7 12. Nc3 e6 13. Bd2 Nf7 14. Bxd7+ Qxd7 15. f4 O-O-O 16. O-O-O g5 17. Kb1 a6 18. h4 gxf4 19. Bxf4 Qc7 20. Rhe1 Rhf8 21. g5 Nh8 22. Qg4 Kb8 23. h5 Qf7 24. Rf1 Qf5 25. Qe2 Nf7 26. Na4 Bxe5 27. Be3 Qh3 28. Nxc5 d4 29. Bc1 Bd6 30. Rf3 Qxh5 31. Nxb7 Ne5 32. Nxd6 Qxf3 33. Qxe5 Qd5 34. Bf4 Rxf4 35. Qxf4 Qxd6 36. Qh4 Qe7 37. a3 e5 38. Rh1 Rd7 39. Qe4 Qxg5 40. Qc6 Qe7 41. Qxa6 e4 42. Rg1 e3 43. Qb6+ Kc8 44. Qc6+ Kb8 45. Qb6+ Kc8 46. Qc6+ Kb8 47. Qb5+ Kc7 48. Rg5 Rd6 49. Rc5+ Kd8 50. Qb8+ Kd7 51. Qc8# 1-0


[Site "https://www.chess.com"]

[Event "Titled Tuesday Blitz August 15 Early 2023"]
[White "Duda, Jan-Krzysztof"]
[Black "Terry, Renato"]
[WhiteFideId "1170546"]
[BlackFideId "3803457"]
[WhiteElo "3037"]
[BlackElo "2941"]
[Result "1-0"]
[Round "10"]
[TimeControl "180+1"]
[Date "2023.08.15"]
[WhiteClock "0:00:42"]
[BlackClock "0:00:00"]
[Board "7"]

1. Nc3 e6 2. f4 d5 3. Nf3 Nf6 4. e3 c5 5. Bb5+ Bd7 6. a4 Bd6 7. d3 O-O 8. e4 Bc7 9. e5 Ng4 10. h3 Nh6 11. g4 Bc8 12. d4 c4 13. f5 f6 14. Bxh6 gxh6 15. Qd2 Kg7 16. Rg1 a6 17. exf6+ Qxf6 18. Bxc4 dxc4 19. Ne4 Qe7 20. O-O-O Kh8 21. Qc3 Qg7 22. Kb1 Nc6 23. g5 hxg5 24. Rxg5 Qh6 25. d5+ e5 26. dxc6 Rxf5 27. Nxe5 1-0


[Site "https://www.chess.com"]

[Event "Titled Tuesday Blitz August 15 Early 2023"]
[White "Shimanov, Aleksandr"]
[Black "Kamsky, Gata"]
[WhiteFideId "4198603"]
[BlackFideId "2000024"]
[WhiteElo "3027"]
[BlackElo "2934"]
[Result "1/2-1/2"]
[Round "10"]
[TimeControl "180+1"]
[Date "2023.08.15"]
[WhiteClock "0:00:19"]
[BlackClock "0:00:28"]
[Board "8"]

1. e4 c5 2. d4 cxd4 3. Qxd4 Nc6 4. Qd3 e6 5. Nc3 a6 6. Qg3 Nb4 7. Bd3 b5 8. Nf3 Bb7 9. O-O Nf6 10. Re1 d6 11. Be3 Nxd3 12. cxd3 Nh5 13. Qh3 Nf6 14. Nd4 Be7 15. f4 h5 16. Kh1 g6 17. a3 Qd7 18. Rac1 e5 19. Qxd7+ Nxd7 20. Nb3 Rc8 21. Rf1 exf4 22. Bxf4 O-O 23. h3 f5 24. Na5 Ba8 25. Nd5 Bxd5 26. exd5 Nf6 27. Nc6 Nxd5 28. Nxe7+ Nxe7 29. Bxd6 Kf7 30. Rce1 Rfe8 31. g4 hxg4 32. hxg4 Rcd8 33. Bxe7 Rxe7 34. gxf5 Rxe1 35. fxg6+ Kxg6 36. Rxe1 Rxd3 37. Re6+ Kf5 38. Rxa6 Rb3 39. Kg2 Rxb2+ 40. Kf3 b4 41. axb4 Rb3+ 42. Ke2 Rxb4 1/2-1/2


[Site "https://www.chess.com"]

[Event "Titled Tuesday Blitz August 15 Early 2023"]
[White "Korobov, Anton"]
[Black "Lagarde, Maxime"]
[WhiteFideId "14105730"]
[BlackFideId "662399"]
[WhiteElo "3021"]
[BlackElo "2890"]
[Result "1-0"]
[Round "10"]
[TimeControl "180+1"]
[Date "2023.08.15"]
[WhiteClock "0:00:14"]
[BlackClock "0:00:06"]
[Board "9"]

1. c4 Nc6 2. Nf3 e5 3. d3 Bc5 4. a3 a5 5. Nc3 d6 6. Bg5 f6 7. Bh4 g5 8. Bg3 f5 9. h3 h6 10. e3 f4 11. d4 exd4 12. exd4 Ba7 13. Bh2 Nf6 14. Bd3 O-O 15. Ne2 Ne7 16. Qc2 b5 17. cxb5 Bb7 18. O-O-O c5 19. d5 c4 20. Bxc4 Rc8 21. Ned4 Bxd5 22. Nc6 Nxc6 23. Rxd5 Kg7 24. bxc6 Rxc6 25. Nxg5 hxg5 26. Rxg5+ Kh8 27. Kb1 d5 28. Qg6 Qe7 29. Bxf4 Qe4+ 30. Qxe4 Nxe4 31. Be5+ Kh7 32. Bxd5 Nxg5 33. Bxc6 Rxf2 34. Rd1 Re2 35. Rd7+ Kg6 36. Bc3 Be3 37. h4 Ne6 38. g4 Nf4 39. Be4+ Kh6 40. Bg7# 1-0


[Site "https://www.chess.com"]

[Event "Titled Tuesday Blitz August 15 Early 2023"]
[White "Deac, Bogdan-Daniel"]
[Black "Bacrot, Etienne"]
[WhiteFideId "1226380"]
[BlackFideId "605506"]
[WhiteElo "3015"]
[BlackElo "2890"]
[Result "0-1"]
[Round "10"]
[TimeControl "180+1"]
[Date "2023.08.15"]
[WhiteClock "0:00:00"]
[BlackClock "0:00:02"]
[Board "10"]

1. d4 d5 2. c4 c6 3. Nf3 Nf6 4. Qb3 dxc4 5. Qxc4 Bf5 6. g3 e6 7. Bg2 Nbd7 8. O-O Be7 9. Rd1 O-O 10. e3 Qb6 11. Nc3 Ne4 12. Qe2 Nxc3 13. bxc3 Rfd8 14. e4 Bg6 15. Bf4 Qa5 16. c4 Bh5 17. e5 Qa6 18. h3 c5 19. g4 Bg6 20. Bg5 Bxg5 21. Nxg5 cxd4 22. Rxd4 Nc5 23. Rad1 Rxd4 24. Rxd4 Qb6 25. h4 h6 26. Nf3 Rd8 27. Rxd8+ Qxd8 28. h5 Bb1 29. a3 b6 30. Qe3 Qd1+ 31. Kh2 Be4 32. Kg3 Bxf3 33. Bxf3 Qa1 34. Be2 Qb2 35. f4 Nb3 36. g5 Nd4 37. Bg4 hxg5 38. fxg5 Nc6 39. Qd3 Qxe5+ 40. Kh4 Qh2+ 41. Qh3 Qf2+ 42. Qg3 Qxg3+ 43. Kxg3 Na5 44. Be2 f6 45. Kf4 Kf7 46. Bd3 Nb7 47. Bg6+ Kf8 48. gxf6 gxf6 49. h6 Nd6 50. Bd3 Kf7 51. Kg4 e5 52. Kh5 e4 53. Be2 e3 54. Bd3 Ne4 55. Kh4 f5 56. Bxe4 e2 0-1


[Site "https://www.chess.com"]

[Event "Titled Tuesday Blitz August 15 Early 2023"]
[White "Sadhwani, Raunak"]
[Black "Durarbayli, Vasif"]
[WhiteFideId "35093487"]
[BlackFideId "13402935"]
[WhiteElo "3002"]
[BlackElo "2881"]
[Result "1-0"]
[Round "10"]
[TimeControl "180+1"]
[Date "2023.08.15"]
[WhiteClock "0:00:17"]
[BlackClock "0:00:01"]
[Board "11"]

1. e4 c5 2. Nf3 d6 3. Bb5+ Nd7 4. Ba4 Nf6 5. O-O e6 6. d3 a6 7. c4 b6 8. Nc3 Bb7 9. Qe2 Be7 10. d4 cxd4 11. Nxd4 Qc7 12. Bd2 Rc8 13. Bb3 O-O 14. f3 Rfe8 15. Rac1 Ne5 16. Nb1 Qb8 17. Bf4 Ng6 18. Bg3 Nh5 19. f4 Nxg3 20. hxg3 Bf6 21. Nf3 b5 22. cxb5 axb5 23. Kh2 Qa8 24. Rce1 b4 25. Rf2 h5 26. Qe3 Qa5 27. Nbd2 Qc5 28. Nc4 Qxe3 29. Rxe3 Red8 30. Rd2 Ba6 31. Nxd6 Rc1 32. e5 Be7 33. Re4 Rb8 34. f5 Nf8 35. Nd4 Bxd6 36. exd6 exf5 37. Nxf5 Rf1 38. Ne7+ Kh7 39. Nc6 Rb7 40. Nxb4 Bb5 41. Rf4 Rxf4 42. gxf4 Ng6 43. Bc2 Bd7 44. Nd5 Rxb2 45. Bxg6+ Kxg6 46. Rxb2 1-0


[Site "https://www.chess.com"]

[Event "Titled Tuesday Blitz August 15 Early 2023"]
[White "Kukhmazov, Arsen"]
[Black "Drygalov, Sergey"]
[WhiteFideId "24108260"]
[BlackFideId "24171743"]
[WhiteElo "2865"]
[BlackElo "2995"]
[Result "1-0"]
[Round "10"]
[TimeControl "180+1"]
[Date "2023.08.15"]
[WhiteClock "0:00:03"]
[BlackClock "0:00:00"]
[Board "12"]

1. d4 d5 2. c4 c6 3. Nf3 Nf6 4. Qc2 dxc4 5. Qxc4 Bg4 6. Nbd2 Nbd7 7. g3 e6 8. Bg2 Be7 9. O-O O-O 10. Rd1 Qb6 11. Nb3 a5 12. Bg5 a4 13. Bxf6 Bxf6 14. Nc5 Nxc5 15. dxc5 Qxb2 16. Rab1 Qc3 17. Qxg4 Qc2 18. a3 Qxe2 19. Bf1 Qa2 20. Qb4 Rfd8 21. Bc4 Qc2 22. Rdc1 Qe4 23. Kg2 g5 24. Bf1 Qf5 25. g4 Qd5 26. Rd1 Qa2 27. Rbc1 Qb3 28. Rxd8+ Rxd8 29. Rb1 Qa2 30. Qxb7 Qxa3 31. Qxc6 Qa2 32. Re1 a3 33. Qa6 Qb2 34. c6 a2 35. c7 Rf8 36. c8=Q Rxc8 37. Qxc8+ Kg7 38. Qc1 Qb4 39. Qe3 Qxg4+ 40. Kh1 h6 41. Ne5 Qb4 42. Bc4 Qb1 43. Bxa2 Qxa2 44. Ng4 Qd5+ 45. Kg1 Bd4 46. Qe4 Qc5 47. Qf3 f5 48. Ne3 Kf6 49. Ng4+ Kg7 50. Ne3 Qc3 51. Re2 Kg6 52. h4 g4 53. Qg3 Be5 54. Qg2 Qc1+ 55. Nf1 Qc7 56. f3 h5 57. fxg4 hxg4 58. Qf2 Kf6 59. Qe3 Qd6 60. Qh6+ Kf7 61. Qh7+ Kf6 62. Qh6+ Kf7 63. h5 Bd4+ 64. Kh1 Qd5+ 65. Rg2 Qf3 66. Qg6+ Ke7 67. Qg5+ Kd6 68. Qc1 f4 69. h6 g3 70. h7 Qh5+ 71. Nh2 e5 72. Qa3+ Ke6 73. Qa6+ Kf5 74. Qd3+ Kf6 75. Ra2 1-0


[Site "https://www.chess.com"]

[Event "Titled Tuesday Blitz August 15 Early 2023"]
[White "Matinian, Nikita"]
[Black "Demidov, Mikhail"]
[WhiteFideId "24129100"]
[BlackFideId "4197143"]
[WhiteElo "2720"]
[BlackElo "2949"]
[Result "0-1"]
[Round "10"]
[TimeControl "180+1"]
[Date "2023.08.15"]
[WhiteClock "0:00:00"]
[BlackClock "0:00:16"]
[Board "13"]

1. e4 Nf6 2. e5 Nd5 3. d4 d6 4. Nf3 Nb6 5. a4 a5 6. c3 g6 7. Bf4 Bg7 8. Nbd2 Nc6 9. Bb5 O-O 10. Bxc6 bxc6 11. O-O Rb8 12. Qc1 Bf5 13. Re1 Re8 14. Nf1 Nc4 15. Ne3 Nxb2 16. Nxf5 Nd3 17. Qe3 Nxe1 18. Rxe1 gxf5 19. e6 Rf8 20. Ng5 f6 21. Nf7 Qe8 22. Qf3 Rxf7 23. exf7+ Qxf7 24. Qxc6 e5 25. Bd2 f4 26. c4 f5 27. Bxa5 e4 28. Bxc7 Rc8 29. Qxd6 Rxc7 30. c5 Qd7 31. Qxd7 Rxd7 32. c6 Rxd4 33. Rc1 Be5 34. a5 Ra4 35. h3 Bc7 36. Kf1 Rxa5 37. Rb1 Rc5 0-1


[Site "https://www.chess.com"]

[Event "Titled Tuesday Blitz August 15 Early 2023"]
[White "Nakamura, Hikaru"]
[Black "Badmatsyrenov, Oleg"]
[WhiteFideId "2016192"]
[BlackFideId "24115762"]
[WhiteElo "3233"]
[BlackElo "2766"]
[Result "1-0"]
[Round "10"]
[TimeControl "180+1"]
[Date "2023.08.15"]
[WhiteClock "0:00:23"]
[BlackClock "0:00:02"]
[Board "14"]

1. b3 e5 2. Bb2 Nc6 3. e3 Nf6 4. Bb5 Bd6 5. Ne2 O-O 6. Bxc6 dxc6 7. d3 Bg4 8. h3 Bxe2 9. Qxe2 Qe7 10. e4 Nd7 11. O-O Rae8 12. a3 a5 13. Nd2 Bc5 14. Nf3 f6 15. g3 Rf7 16. c3 Nf8 17. b4 Bb6 18. c4 axb4 19. axb4 Bd4 20. Bxd4 exd4 21. c5 f5 22. e5 Ne6 23. Ra7 Rb8 24. Qa2 Qd7 25. Qc4 Qd5 26. Qxd5 cxd5 27. Rb1 f4 28. g4 c6 29. Rba1 b6 30. Ra8 Rff8 31. R8a6 Rb7 32. cxb6 Rfb8 33. Rc1 Rxb6 34. Rxc6 Rxc6 35. Rxc6 Kf7 36. Rd6 Rxb4 37. Rd7+ Ke8 38. Rxd5 Ke7 39. h4 Rb3 40. Nxd4 Nxd4 41. Rxd4 Ke6 42. Rxf4 Rxd3 43. Re4 Rh3 44. h5 Rd3 45. Kg2 Rd5 46. f4 Rd3 47. f5+ Kd5 48. e6 Kxe4 49. e7 Kf4 50. e8=Q Rg3+ 51. Kf2 Rxg4 52. h6 Kxf5 53. Qd7+ Kg6 54. Qxg4+ Kxh6 55. Qh4+ Kg6 56. Qe4+ Kh6 57. Kg3 g5 58. Kg4 Kg7 59. Kxg5 h6+ 60. Kf5 1-0


[Site "https://www.chess.com"]

[Event "Titled Tuesday Blitz August 15 Early 2023"]
[White "Moskalenko, Alexander"]
[Black "Sarana, Alexey"]
[WhiteFideId "4155351"]
[BlackFideId "24133795"]
[WhiteElo "2893"]
[BlackElo "3073"]
[Result "0-1"]
[Round "10"]
[TimeControl "180+1"]
[Date "2023.08.15"]
[WhiteClock "0:00:03"]
[BlackClock "0:00:04"]
[Board "15"]

1. c4 e5 2. Nc3 Nf6 3. Nf3 Nc6 4. e4 Bb4 5. d3 d6 6. Be2 a6 7. a3 Bc5 8. b4 Ba7 9. O-O O-O 10. Rb1 Ne7 11. Be3 Bxe3 12. fxe3 Ng6 13. Nd2 c6 14. Qe1 b5 15. a4 Be6 16. cxb5 cxb5 17. axb5 Qb6 18. bxa6 Qxe3+ 19. Kh1 Rxa6 20. Rf3 Qd4 21. Nb5 Qb6 22. Nc3 Nf4 23. Nc4 Bxc4 24. dxc4 Raa8 25. Bf1 Rfb8 26. Qd2 Qd8 27. h3 Ne6 28. Rd3 Nd4 29. b5 Ra3 30. Qe3 Nh5 31. Ne2 Rxd3 32. Qxd3 Nxe2 33. Bxe2 Nf4 34. Qd2 Qb6 35. Bf1 h5 36. Ra1 Rd8 37. Qa5 Qb8 38. Qa7 Qc8 39. Qb6 h4 40. Ra7 Nh5 41. Kg1 Ng3 42. Bd3 Rf8 43. Qc7 Qe6 44. Qe7 Qh6 45. Kh2 Qf4 46. Kg1 Qc1+ 47. Kh2 Qh1# 0-1


[Site "https://www.chess.com"]

[Event "Titled Tuesday Blitz August 15 Early 2023"]
[White "Demchenko, Anton"]
[Black "Dubov, Daniil"]
[WhiteFideId "4160258"]
[BlackFideId "24126055"]
[WhiteElo "2905"]
[BlackElo "3056"]
[Result "1/2-1/2"]
[Round "10"]
[TimeControl "180+1"]
[Date "2023.08.15"]
[WhiteClock "0:00:18"]
[BlackClock "0:00:24"]
[Board "16"]

1. e4 Nc6 2. Nf3 e5 3. Bc4 Nf6 4. d3 Be7 5. a4 O-O 6. Nc3 d6 7. Bg5 h6 8. Bxf6 Bxf6 9. Nd5 Be6 10. c3 g6 11. h4 Bg7 12. h5 g5 13. Ne3 Bd7 14. g4 Ne7 15. Nd2 Kh8 16. Ndf1 c6 17. Ng3 Rb8 18. Bb3 b6 19. O-O a6 20. Bc2 d5 21. Qf3 Be6 22. Rfd1 d4 23. Nef5 c5 24. Nxe7 Qxe7 25. Nf5 Qd7 26. Rdb1 Rfc8 27. c4 Bf8 28. Kg2 Kh7 29. Ra3 b5 30. axb5 axb5 31. b3 bxc4 32. bxc4 Rxb1 33. Bxb1 Qb7 34. Qd1 Rb8 35. Bc2 Qb2 36. Rb3 Rxb3 37. Bxb3 Qa3 38. Ba4 Bxf5 39. gxf5 Be7 40. Bc6 Qb2 41. Bd5 Kg7 42. f6+ Bxf6 43. Qg4 Qb8 44. Qd7 Qf8 45. Kf3 Qe7 46. Qxe7 Bxe7 47. Kg4 Kf6 48. Bc6 Bd8 49. Bd5 Ba5 50. f3 Bd2 51. Kh3 Bf4 52. Kg4 Ke7 53. Kh3 Kf6 54. Kg4 Be3 55. Kh3 Bd2 56. Kg4 Bf4 57. Kh3 Be3 58. Kg4 Bf4 59. Kh3 Be3 60. Kg4 Bf4 1/2-1/2


[Site "https://www.chess.com"]

[Event "Titled Tuesday Blitz August 15 Early 2023"]
[White "Grischuk, Alexander"]
[Black "Lysyj, Igor"]
[WhiteFideId "4126025"]
[BlackFideId "4150120"]
[WhiteElo "3034"]
[BlackElo "2877"]
[Result "1-0"]
[Round "10"]
[TimeControl "180+1"]
[Date "2023.08.15"]
[WhiteClock "0:01:34"]
[BlackClock "0:00:09"]
[Board "17"]

1. d4 d5 2. Nf3 Nf6 3. Bg5 Ne4 4. Bh4 c5 5. e3 Qb6 6. Nc3 Qb4 7. Bb5+ Nc6 8. O-O Nxc3 9. Bxc6+ bxc6 10. bxc3 Qxc3 11. Ne5 h5 12. Rb1 Bf5 13. Qf3 e6 14. Rb7 f6 15. Nf7 Rh7 16. Qf4 1-0


[Site "https://www.chess.com"]

[Event "Titled Tuesday Blitz August 15 Early 2023"]
[White "Indjic, Aleksandar"]
[Black "Timofeev, Artyom"]
[WhiteFideId "911925"]
[BlackFideId "4140419"]
[WhiteElo "3012"]
[BlackElo "2836"]
[Result "0-1"]
[Round "10"]
[TimeControl "180+1"]
[Date "2023.08.15"]
[WhiteClock "0:00:12"]
[BlackClock "0:00:14"]
[Board "18"]

1. e4 e6 2. c3 d5 3. e5 d4 4. Bd3 c5 5. f4 Nc6 6. Qe2 Nge7 7. Be4 b6 8. Nf3 Bb7 9. d3 Qd7 10. c4 f5 11. exf6 gxf6 12. O-O O-O-O 13. a3 f5 14. Bxc6 Nxc6 15. b4 Rg8 16. Rf2 Re8 17. b5 Nd8 18. Ne5 Qc7 19. Nd2 Nf7 20. Ndf3 Bd6 21. a4 Nxe5 22. Nxe5 Bxe5 23. fxe5 Rg6 24. Bf4 Reg8 25. g3 Qf7 26. Rff1 h5 27. Kf2 h4 28. a5 Rg4 29. Ke1 Rh8 30. axb6 axb6 31. Kd2 hxg3 32. hxg3 Rg7 33. Kc2 Rgh7 34. Rf2 Qg7 35. Kb3 Qg4 36. Qxg4 fxg4 37. Bg5 Bf3 38. Bf6 Rg8 39. Ra6 Rh3 40. Bh4 Kc7 41. Ra7+ Kb8 42. Rh7 Rh1 43. Be7 Rxh7 0-1


[Site "https://www.chess.com"]

[Event "Titled Tuesday Blitz August 15 Early 2023"]
[White "Hakobyan, Aram"]
[Black "Klukin, Kirill"]
[WhiteFideId "13306677"]
[BlackFideId "24199273"]
[WhiteElo "2954"]
[BlackElo "2829"]
[Result "1-0"]
[Round "10"]
[TimeControl "180+1"]
[Date "2023.08.15"]
[WhiteClock "0:00:42"]
[BlackClock "0:00:01"]
[Board "19"]

1. e4 c5 2. Nc3 g6 3. h4 h5 4. d4 cxd4 5. Qxd4 Nf6 6. e5 Nc6 7. Qf4 Ng4 8. Nf3 Bg7 9. Bc4 Ngxe5 10. Nxe5 Nxe5 11. Bb3 e6 12. Qg3 d5 13. Bf4 Nc6 14. Bc7 Qf6 15. Bd6 Nd4 16. Qh2 Nf5 17. Ba3 Bf8 18. Bxf8 Kxf8 19. O-O-O Kg7 20. f3 Bd7 21. Kb1 Rac8 22. Qg1 a5 23. a3 b5 24. g4 hxg4 25. fxg4 Nxh4 26. g5 Qe7 27. Qd4+ e5 28. Qb6 Be6 29. Nxd5 Bxd5 30. Rxd5 Nf5 31. Rhd1 a4 32. Ba2 Rc7 33. Qxb5 Rhc8 34. c3 Rc5 35. Rxc5 Rxc5 36. Qxa4 Qxg5 37. Qb4 Rc7 38. a4 Qf6 39. Bb3 Ne3 40. Rd6 Qf5+ 41. Ka2 Nc2 42. Qb8 Re7 43. Rd8 Ne1 44. Rg8+ Kf6 45. Qd6+ Re6 46. Qd8+ Re7 47. Bxf7 Qd7 48. Rxg6+ Kxf7 49. Qg8# 1-0


[Site "https://www.chess.com"]

[Event "Titled Tuesday Blitz August 15 Early 2023"]
[White "Chigaev, Maksim"]
[Black "Pakleza, Zbigniew"]
[WhiteFideId "4108116"]
[BlackFideId "1119290"]
[WhiteElo "2947"]
[BlackElo "2823"]
[Result "1-0"]
[Round "10"]
[TimeControl "180+1"]
[Date "2023.08.15"]
[WhiteClock "0:00:18"]
[BlackClock "0:00:00"]
[Board "20"]

1. e4 d6 2. d4 Nf6 3. Nc3 c6 4. f4 Qb6 5. h3 e5 6. Nf3 Nbd7 7. a3 Nh5 8. Bc4 Nxf4 9. Bxf4 exf4 10. O-O Be7 11. Qd2 Ne5 12. Bb3 Nxf3+ 13. Rxf3 g5 14. Kh1 Bd7 15. Re1 O-O-O 16. Bxf7 g4 17. hxg4 Bxg4 18. Rxf4 Bg5 19. Nd5 Qa6 20. Qf2 Bxf4 21. Qxf4 h5 22. Ne7+ Kc7 23. Ng6 Rh7 24. e5 dxe5 25. Rxe5 Kb6 26. Re7 Qb5 27. Qc7+ Ka6 28. Bc4 Qxc4 29. Qxb7+ Ka5 30. Qxa7+ Qa6 31. Qc5+ 1-0


[Site "https://www.chess.com"]

[Event "Titled Tuesday Blitz August 15 Early 2023"]
[White "Molina, Roberto Junio Brito"]
[Black "Kovalenko, Igor"]
[WhiteFideId "2109450"]
[BlackFideId "14117908"]
[WhiteElo "2818"]
[BlackElo "2936"]
[Result "0-1"]
[Round "10"]
[TimeControl "180+1"]
[Date "2023.08.15"]
[WhiteClock "0:00:35"]
[BlackClock "0:01:42"]
[Board "21"]

1. e4 d5 2. exd5 Qxd5 3. Nc3 Qa5 4. Bc4 c6 5. Nge2 Nd7 6. O-O Ne5 7. Bb3 Nf6 8. d4 Ng6 9. Nf4 Bg4 10. f3 Bf5 11. Re1 Qc7 12. Nxg6 hxg6 13. g3 e6 14. Bf4 Bd6 15. Bxd6 Qxd6 16. Qd2 O-O-O 17. Rad1 Rh3 18. Re2 Rdh8 19. Rg2 a6 20. Qe3 Nd5 21. Nxd5 exd5 22. Re1 Be6 23. Qe5 Qxe5 24. Rxe5 Kd7 25. c3 f6 26. Ree2 g5 27. Bc2 Kd6 28. Bd3 a5 29. Re3 Bd7 30. Rd2 Re8 31. Rxe8 Bxe8 32. Bf1 Rh8 33. Re2 Bd7 34. Re3 b6 35. Re2 c5 36. Rd2 c4 37. Bg2 b5 38. g4 b4 39. h3 Rb8 40. Kf2 a4 41. cxb4 Rxb4 42. Rc2 a3 43. bxa3 Rb1 44. Ke3 Ba4 45. Re2 c3 46. Kd3 Bb5+ 47. Kc2 0-1


[Site "https://www.chess.com"]

[Event "Titled Tuesday Blitz August 15 Early 2023"]
[White "Materia, Marco"]
[Black "Zhigalko, Sergei"]
[WhiteFideId "45150451"]
[BlackFideId "13502956"]
[WhiteElo "2807"]
[BlackElo "2929"]
[Result "0-1"]
[Round "10"]
[TimeControl "180+1"]
[Date "2023.08.15"]
[WhiteClock "0:00:26"]
[BlackClock "0:00:17"]
[Board "22"]

1. d4 Nf6 2. c4 e6 3. Nf3 b6 4. g3 Ba6 5. Qa4 Bb7 6. Bg2 c5 7. dxc5 bxc5 8. O-O Be7 9. Rd1 O-O 10. Nc3 Qb6 11. Bf4 Rd8 12. Rd2 d6 13. Rad1 h6 14. Qb5 Qc7 15. Qb3 a6 16. Nh4 Nc6 17. Be3 Rab8 18. Ne4 Nxe4 19. Bxe4 Bxh4 20. gxh4 Qe7 21. Bf4 Nd4 22. Qe3 Bxe4 23. Qxe4 Qxh4 24. e3 Qg4+ 25. Kh1 Nf3 26. Rc2 e5 27. Rc3 Ng5 28. f3 Nxe4 29. fxg4 Nxc3 0-1


[Site "https://www.chess.com"]

[Event "Titled Tuesday Blitz August 15 Early 2023"]
[White "Kazakouski, Valery"]
[Black "Pert, Richard G"]
[WhiteFideId "13507443"]
[BlackFideId "404748"]
[WhiteElo "2924"]
[BlackElo "2654"]
[Result "1/2-1/2"]
[Round "10"]
[TimeControl "180+1"]
[Date "2023.08.15"]
[WhiteClock "0:00:32"]
[BlackClock "0:01:12"]
[Board "23"]

1. Nf3 e6 2. c4 f5 3. g3 Nf6 4. Bg2 Be7 5. O-O O-O 6. d4 d6 7. Nc3 Ne4 8. Qd3 Nxc3 9. bxc3 Nc6 10. e4 e5 11. dxe5 dxe5 12. Qd5+ Kh8 13. exf5 Bxf5 14. Be3 Qe8 15. Rfe1 Rd8 16. Qb5 Be4 17. Nd2 Bxg2 18. Kxg2 Qf7 19. Rad1 Bg5 20. Bxg5 Qxf2+ 21. Kh1 Rxd2 22. Bxd2 Qf3+ 23. Kg1 Qf2+ 24. Kh1 Qf3+ 25. Kg1 Qf2+ 26. Kh1 1/2-1/2


[Site "https://www.chess.com"]

[Event "Titled Tuesday Blitz August 15 Early 2023"]
[White "Naroditsky, Daniel"]
[Black "Akobian, Varuzhan"]
[WhiteFideId "2026961"]
[BlackFideId "13300580"]
[WhiteElo "3163"]
[BlackElo "2749"]
[Result "1-0"]
[Round "10"]
[TimeControl "180+1"]
[Date "2023.08.15"]
[WhiteClock "0:01:45"]
[BlackClock "0:00:00"]
[Board "24"]

1. d4 e6 2. Nc3 d5 3. Bf4 Nf6 4. e3 a6 5. Nf3 c5 6. dxc5 Bxc5 7. Bd3 Nc6 8. O-O O-O 9. e4 h6 10. e5 Nd7 11. Qd2 f5 12. exf6 Qxf6 13. Bg3 Nde5 14. Nxe5 Nxe5 15. Rae1 Nxd3 16. cxd3 Bd4 17. Re2 Bd7 18. Rfe1 Rac8 19. Be5 Bxe5 20. Rxe5 Qf4 21. Qxf4 Rxf4 22. f3 Rd4 23. Rd1 Kf7 24. Rd2 Kf6 25. Re1 e5 26. Ne2 Rb4 27. d4 exd4 28. Nxd4 Rbc4 29. Kf2 b6 30. Re3 a5 31. Rb3 Rb4 32. Rxb4 axb4 33. Nc2 b3 34. axb3 Be6 35. Nd4 Bd7 36. h4 g5 37. hxg5+ hxg5 38. Nc2 Ke5 39. Ke3 Ra8 40. Nb4 Be6 41. Nd3+ Kd6 42. Kd4 Ra1 43. f4 gxf4 44. Nxf4 Bf7 45. Rf2 Re1 46. Ne2 Rd1+ 47. Ke3 Ke7 48. Nd4 Bg6 49. Rd2 Rb1 50. Ne2 Kd6 51. Nc3 Rg1 52. Rxd5+ Ke6 53. Rd2 Bf5 54. Ne2 1-0


[Site "https://www.chess.com"]

[Event "Titled Tuesday Blitz August 15 Early 2023"]
[White "Kushko, Dmitriy"]
[Black "Lazavik, Denis"]
[WhiteFideId "14162261"]
[BlackFideId "13515110"]
[WhiteElo "2698"]
[BlackElo "3033"]
[Result "0-1"]
[Round "10"]
[TimeControl "180+1"]
[Date "2023.08.15"]
[WhiteClock "0:00:00"]
[BlackClock "0:01:54"]
[Board "25"]

1. Nf3 d5 2. g3 c6 3. Bg2 Bg4 4. h3 Bh5 5. O-O Nd7 6. d4 e6 7. c4 Ngf6 8. cxd5 exd5 9. Qb3 Qb6 10. Qe3+ Be7 11. Nh4 Bg6 12. Nc3 Qd8 13. Nxg6 hxg6 14. Qd3 O-O 15. Bd2 Re8 16. Rad1 a5 17. Bf3 Nf8 18. e4 dxe4 19. Nxe4 Nd5 20. a3 Ne6 21. Nc3 Nec7 22. h4 Qd7 23. Rfe1 Nxc3 24. Bxc3 Nd5 25. Bd2 a4 26. Kg2 Bf6 27. Bc1 Nc7 28. Rxe8+ Rxe8 29. Qc4 Ra8 30. d5 cxd5 31. Bxd5 Nxd5 32. Qxd5 Qxd5+ 33. Rxd5 Rc8 34. Bd2 Bxb2 35. Bb4 Bc3 36. Rb5 Bxb4 37. Rxb4 b5 38. Rxb5 Rc3 39. g4 Rxa3 40. g5 Kf8 41. Rb7 Ra1 42. Ra7 a3 43. Kh2 a2 44. Kg2 Ke8 45. Kh2 Kd8 46. Kg2 Kc8 47. Kh2 Kb8 48. Ra4 Kb7 49. Kg2 Kb6 50. Kh2 Kb5 51. Ra8 Kc4 52. Kg2 Kb3 53. Rb8+ Kc3 54. Rc8+ Kd3 55. Ra8 f6 56. Ra7 f5 57. Ra3+ Ke2 58. f4 Kd2 59. Ra4 Ke3 60. Kh2 Kf3 0-1


[Site "https://www.chess.com"]